 Dungeon Crawl Stone Soup version 0.18-a0-1773-gec4f98e (webtiles) character file.

518 vev the Grappler (level 7, -5/61 HPs)
             Began as a Troll Transmuter on Apr 14, 2016.
             Slain by an ogre
             ... wielding a +0 giant club
              (26 damage)
             ... on level 4 of the Dungeon.
             The game lasted 00:03:04 (2301 turns).

vev the Grappler (Troll Transmuter)                 Turns: 2301, Time: 00:03:05

Health: -5/61      AC:  7    Str: 19    XL:     7   Next: 1%
Magic:  7/7        EV:  9    Int: 11    God:
Gold:   180        SH:  0    Dex: 10    Spells: 1 memorised, 7 levels left

rFire  . . .     SeeInvis .       - Unarmed
rCold  . . .     Gourm    +     p - +2 robe {rN+}
rNeg   + . .     Faith    .     (no shield)
rPois  .         Spirit   .     (helmet restricted)
rElec  .         Dismiss  .     (no cloak)
rCorr  .         Reflect  .     (gloves unavailable)
SustAt .         Harm     .     (boots unavailable)
MR     .....                    (no amulet)
Stlth  +.........               s - ring of wizardry
                                (no ring)

@: lethally poisoned (-5 -> -5), not resistant to hostile enchantments, very
unstealthy
A: unfitting armour, claws 3, fast metabolism 3, gourmand, regeneration 2,
shaggy fur 1, tough skin 2
a: no special abilities


You were on level 4 of the Dungeon.
You were not hungry.

You visited 1 branch of the dungeon, and saw 4 of its levels.

You collected 180 gold pieces.

Inventory:

Missiles
 a - 12 arrows
Armour
 b - a +0 robe
 p - a +2 robe of positive energy (worn)
Jewellery
 s - a ring of wizardry (right claw)
Wands
 f - a wand of acid (6/15)
 i - a wand of enslavement (15/24)
Scrolls
 g - 2 scrolls of identify
 j - a scroll of noise {unknown}
 k - a scroll of enchant armour {unknown}
 l - 2 scrolls of magic mapping
 o - a scroll of fog {unknown}
Potions
 e - 3 potions of agility
 m - 2 potions of heal wounds {unknown}
 n - a potion of flight {unknown}
 t - a potion of magic {unknown}
Books
 c - a book of Changes

   Spells                             Type                      Level
   a - Beastly Appendage              Transmutation                1
   b - Sticks to Snakes               Transmutation                2
   c - Spider Form                    Transmutation/Poison         3
   d - Ice Form                       Ice/Transmutation            4
   e - Blade Hands                    Transmutation                5
Comestibles
 d - 2 bread rations
 h - 2 meat rations
 q - a royal jelly
 r - 5 fruits


   Skills:
 - Level 0.7 Fighting
 - Level 1.5 Dodging
 + Level 8.0 Unarmed Combat
 - Level 1.2 Spellcasting
 - Level 1.3 Transmutations


You had 7 spell levels left.
You knew the following spells:

 Your Spells              Type           Power        Failure   Level  Hunger
a - Beastly Appendage     Trmt           #.....       9%          1    ##.....


Dungeon Overview and Level Annotations

Branches:
Dungeon (4/15)
 Temple: D:4-7

Altars:
Cheibriados


Innate Abilities, Weirdness & Mutations

You are too large for most types of armour.
You have claws for hands.
Your metabolism is lightning-fast.
You like to eat raw meat.
You heal very quickly.
You are covered in fur (AC +1).
You have very tough skin (AC +2).


Message History

The ogre shouts!
An ogre is nearby!
An ogre is nearby!
An ogre is nearby!
An ogre is nearby!
An adder comes into view.
The ogre hits you with a giant club.
You closely miss the ogre. The ogre hits you with a giant club.
The adder barely misses you.
You completely miss the ogre. The adder barely misses you.
You claw the ogre!
The ogre is heavily wounded.
The ogre hits you with a giant club!! The adder bites you.
You are poisoned.
The adder poisons you!
You scratch the ogre but do no damage.
The ogre is heavily wounded.
You feel sick. The adder closely misses you.
The ogre hits you with a giant club!!
You die...

...... .. .....
..# .... ..#
#...# ..#
#...##?.#
#.......+
+..SO...#
#...@...##..
#......?....
##+###...........
#...##...##......
#...##...##......
#....<†...#..##..
#...##....#..##..
#...##....#.....
#...##...##.....


You could see an ogre and an adder.

Vanquished Creatures
  Sigmund (D:3)
  A phantom (D:4)
  A giant frog (D:4)
  An orc wizard (D:3)
  Ijyb (D:3)
  3 adders
  5 oozes
  2 dart slugs
  3 giant geckos
  9 orcs (D:3)
  6 giant cockroaches
  8 goblins
  5 hobgoblins
  16 jackals
  2 quokkas
  4 bats
  7 kobolds
  13 rats
88 creatures vanquished.

Notes
Turn   | Place    | Note
--------------------------------------------------------------
     0 | D:1      | vev the Troll Transmuter began the quest for the Orb.
     0 | D:1      | Reached XP level 1. HP: 18/18 MP: 1/1
     1 | D:1      | Found a runed door.
    23 | D:1      | Reached XP level 2. HP: 23/26 MP: 2/2
    33 | D:1      | Reached skill level 4 in Unarmed Combat
   105 | D:1      | Reached XP level 3. HP: 26/32 MP: 3/3
   982 | D:2      | Reached skill level 5 in Unarmed Combat
   982 | D:2      | Reached XP level 4. HP: 40/40 MP: 4/4
  1322 | D:3      | Reached XP level 5. HP: 37/46 MP: 5/5
  1446 | D:3      | Noticed Ijyb
  1456 | D:3      | Killed Ijyb
  1456 | D:3      | Reached skill level 6 in Unarmed Combat
  1478 | D:3      | Noticed Sigmund
  1485 | D:3      | Killed Sigmund
  1485 | D:3      | Reached skill level 7 in Unarmed Combat
  1485 | D:3      | Reached XP level 6. HP: 41/54 MP: 6/6
  2011 | D:3      | Found a snail-covered altar of Cheibriados.
  2238 | D:4      | Reached skill level 8 in Unarmed Combat
  2238 | D:4      | Reached XP level 7. HP: 61/61 MP: 7/7
  2301 | D:4      | Slain by an ogre

Vault maps used:
D:1:      dpeg_arrival_caged_fury
D:3:      nicolae_overflow_hidden_temple, uniq_iyjb, uniq_sigmund
D:4:      lemuel_doored_altar

Skill      XL: |  1  2  3  4  5  6 |
---------------+-------------------+-----
Unarmed Combat | 4 5 7 8 |  8.0
Fighting       | |  0.7
Dodging        | |  1.5
Spellcasting   | |  1.2
Transmutations | |  1.3

Action                   |  1- 3 |  4- 6 |  7- 9 || total
-------------------------+-------+-------+-------++-------
Melee: Unarmed           |    91 |   137 |     4 ||   232
       Punch             |     1 |     1 |       ||     2
  Use: Scroll            |       |     6 |       ||     6
 Stab: Sleeping          |     1 |     2 |       ||     3
  Eat: Chunk             |     6 |    15 |       ||    21
Armor: Robe              |    39 |    49 |       ||    88
Dodge: Dodged            |    42 |    53 |     3 ||    98
